 Dungeon Crawl Stone Soup version 0.21-a0-94-gdd6ab6a (webtiles) character file.

7205 nikopol the Thaumaturge (level 10, -7/51 HPs)
             Began as a Deep Elf Fire Elementalist on July 2, 2017.
             Was a Believer of Vehumet.
             Mangled by an unseen horror (10 damage)
             ... on level 10 of the Dungeon.
             The game lasted 01:02:43 (12835 turns).

nikopol the Thaumaturge (DEFE)                     Turns: 12835, Time: 01:02:44

Health: -7/51      AC:  7    Str:  5    XL:     10   Next: 87%
Magic:  15/28      EV: 14    Int: 24    God:    Vehumet [**....]
Gold:   655        SH:  0    Dex: 15    Spells: 8/34 levels left

rFire    + . .     SeeInvis .   D - staff of fire
rCold    . . .     Gourm    .   (no shield)
rNeg     . . .     Faith    .   a - +0 robe
rPois    .         Spirit   .   w - +0 helmet
rElec    .         Reflect  .   t - +0 cloak
rCorr    .         Harm     .   j - +0 pair of gloves
MR       ++...                  R - +1 pair of boots
Stlth    +++.......             (no amulet)
HPRegen  0.17/turn              f - ring of wizardry
MPRegen  0.21/turn              K - ring of protection from magic

@: no status effects
A: no striking features
a: Renounce Religion


You were on level 10 of the Dungeon.
You worshipped Vehumet.
Vehumet was pleased with you.
You were not hungry.

You visited 2 branches of the dungeon, and saw 11 of its levels.

You collected 655 gold pieces.

Inventory:

Hand Weapons
 g - a +0 dagger
Missiles
 P - 2 throwing nets (quivered)
Armour
 a - a +0 robe (worn)
 j - a +0 pair of gloves (worn)
 t - a +0 cloak (worn)
 w - a +0 helmet (worn)
 R - a +1 pair of boots (worn)
Magical Staves
 D - an uncursed staff of fire (weapon)
 Q - an uncursed staff of conjuration
Jewellery
 f - a ring of wizardry (left hand)
 h - an uncursed ring of positive energy
 x - an uncursed ring of protection from cold
 E - an uncursed ring of resist corrosion
 K - a ring of protection from magic (right hand)
 Y - an uncursed ring of flight
Wands
 N - a wand of polymorph (17/24)
 T - a wand of iceblast (7/15)
Scrolls
 d - 6 scrolls of remove curse
 e - 2 scrolls of blinking
 l - a scroll of magic mapping
 m - a scroll of identify
 o - 5 scrolls of teleportation
 p - a scroll of amnesia
 r - 4 scrolls of noise {unknown}
 y - 4 scrolls of recharging {unknown}
 z - 4 scrolls of enchant weapon {unknown}
 B - 2 scrolls of immolation {unknown}
 H - a scroll of fear {unknown}
 I - a scroll of fog {unknown}
 J - 3 scrolls of random uselessness {unknown}
 L - a scroll of holy word {unknown}
 M - a scroll of enchant armour {unknown}
 O - a scroll of silence {unknown}
 U - a scroll of torment {unknown}
Potions
 k - 5 potions of lignification
 n - 4 potions of curing
 q - 4 potions of magic
 s - 3 potions of invisibility
 u - a potion of berserk rage
 v - a potion of haste
 C - a potion of heal wounds {unknown}
 V - a potion of resistance {unknown}
 W - a potion of mutation {unknown}
 Z - a potion of might {unknown}
Books
 b - a book of Flames

   Spells                             Type                      Level
   a - Flame Tongue                   Conjuration/Fire             1
   b - Throw Flame                    Conjuration/Fire             2
   c - Conjure Flame                  Conjuration/Fire             3
   d - Inner Flame                    Hexes/Fire                   3
   e - Sticky Flame                   Conjuration/Fire             4
   f - Fireball                       Conjuration/Fire             5
 F - a book of Maledictions

   Spells                             Type                      Level
   a - Corona                         Hexes                        1
   b - Ensorcelled Hibernation        Hexes/Ice                    2
   c - Confuse                        Hexes                        3
   d - Tukima's Dance                 Hexes                        3
   e - Dazzling Spray                 Conjuration/Hexes            3
 G - a book of Debilitation

   Spells                             Type                      Level
   a - Corona                         Hexes                        1
   b - Slow                           Hexes                        2
   c - Inner Flame                    Hexes/Fire                   3
   d - Portal Projectile              Hexes/Translocation          3
   e - Cause Fear                     Hexes                        4
   f - Leda's Liquefaction            Hexes/Earth                  4
 S - a book of Fire

   Spells                             Type                      Level
   a - Ignite Poison                  Fire/Transmutation/Poison    3
   b - Fireball                       Conjuration/Fire             5
   c - Bolt of Fire                   Conjuration/Fire             6
   d - Ring of Flames                 Charms/Fire                  7
   e - Ignition                       Fire                         8
Comestibles
 c - 9 bread rations
 i - 12 royal jellies
 A - 6 meat rations
 X - 3 chunks of flesh


   Skills:
 + Level 0.7 Fighting
 + Level 4.0 Dodging
 + Level 5.0 Stealth
 + Level 12.9 Spellcasting
 + Level 9.6 Conjurations
 + Level 1.3 Hexes
 + Level 10.5 Fire Magic


You had 8 spell levels left.
You knew the following spells:

 Your Spells              Type           Power        Failure   Level  Hunger
a - Flame Tongue          Conj/Fire      #####        1%          1    None
b - Bolt of Fire          Conj/Fire      #######...   4%          6    #####..
c - Conjure Flame         Conj/Fire      #######.     1%          3    None
d - Fireball              Conj/Fire      #######...   1%          5    ###....
e - Dazzling Spray        Conj/Hex       #####.       1%          3    None
g - Ignition              Fire           #######...   77%         8    #######


Dungeon Overview and Level Annotations

Branches:
Dungeon (10/15)            Temple (1/1) D:7            Lair (0/6) D:10
    Orc: D:9-12

Altars:
Ashenzari
Cheibriados
Dithmenos
Elyvilon
Fedhas
Gozag
Hepliaklqana
Kikubaaqudgha
Makhleb
Nemelex Xobeh
Okawaru
Ru
Sif Muna
Trog
Uskayaw
Vehumet
Wu Jian
Xom
Yredelemnul
Zin
The Shining One

Shops:
D:8 (

Portals:
Trove: D:10 (give 4 potions of resistance)


Message History

You feel a surge of power!
The flame tongue hits something.
Casting: Flame Tongue
Confirm with . or Enter, or press ? or * to list all spells.
Aiming: Flame Tongue
Press: ? - help, Shift-Dir - straight line You feel a surge of power!
The flame tongue hits something.
Something completely misses you. Something hits you but does no damage.
Casting: Flame Tongue
Confirm with . or Enter, or press ? or * to list all spells.
Aiming: Flame Tongue
Press: ? - help, Shift-Dir - straight line You feel a surge of power!
Something hits you.
* * * LOW HITPOINT WARNING * * *
Something hits you.
* * * LOW HITPOINT WARNING * * *
Something hits you but does no damage. Something hits you but does no damage.
Something hits you!
* * * LOW HITPOINT WARNING * * *
Something hits you but does no damage. Something hits you!
You die...

###########.
#...........
#.########## * #.#
** #.# ,* #.# **
##### ### #.#
####...###.###.#
##
###...###.@......#
.# ####..####
##.#######
.###.....# ###
.......###
##.##### ###


There were no monsters in sight!

Vanquished Creatures
  A two-headed ogre (D:9)
  A centaur zombie (D:10)
  A komodo dragon (D:10)
  A shadow (D:10)
  Eustachio (D:5)
  2 wyverns
  A hungry ghost (D:8)
  2 basilisks (D:10)
  A steam dragon (D:10)
  A water moccasin (D:8)
  9 orc warriors
  An ice beast (D:9)
  2 sky beasts
  2 necrophages (D:8)
  A black bear (D:6)
  3 phantoms
  6 ogres
  3 centaurs
  A crocodile (D:10)
  4 bullfrogs
  2 scorpions
  5 killer bees (D:7)
  3 wights (D:8)
  4 howler monkeys
  4 crimson imps
  2 bullfrog zombies (D:8)
  2 quasits
  A hound (D:8)
  2 jellies (D:8)
  7 orc priests
  5 iguanas
  Crazy Yiuf (D:2)
  A centaur skeleton (D:10)
  5 orc wizards
  4 worker ants
  A killer bee zombie (D:5)
  2 hound skeletons
  14 gnolls
  14 adders
  5 shadow imps
  An ooze (D:2)
  An adder skeleton (D:5)
  An adder zombie (D:9)
  A worm (D:2)
  A dart slug (D:2)
  9 leopard geckos
  52 orcs
  5 giant cockroaches
  11 goblins
  9 hobgoblins
  8 quokkas
  2 ball pythons
  11 bats
  6 frilled lizards
  A jackal skeleton (D:4)
  A jackal zombie (D:5)
  5 kobolds
  A leopard gecko skeleton (D:5)
  A quokka zombie (D:9)
  11 rats
266 creatures vanquished.

Notes
Turn   | Place    | Note
-------+----------+-------------------------------------------
     0 | D:1      | nikopol the Deep Elf Fire Elementalist began the quest for the Orb.
     0 | D:1      | Reached XP level 1. HP: 10/10 MP: 6/6
   261 | D:1      | Reached XP level 2. HP: 15/15 MP: 5/8
   521 | D:1      | Learned a level 2 spell: Throw Flame
  1034 | D:2      | Reached XP level 3. HP: 19/19 MP: 7/10
  1741 | D:2      | Found a bloodstained altar of Trog.
  1748 | D:2      | Reached XP level 4. HP: 24/24 MP: 9/11
  1783 | D:2      | Reached skill level 4 in Spellcasting
  1875 | D:2      | Found a blossoming altar of Fedhas.
  1991 | D:2      | Found a runed door.
  1999 | D:2      | Learned a level 3 spell: Conjure Flame
  1999 | D:2      | Noticed Crazy Yiuf
  2003 | D:2      | Killed Crazy Yiuf
  2362 | D:3      | Reached XP level 5. HP: 28/28 MP: 6/13
  2535 | D:3      | Reached skill level 5 in Spellcasting
  2929 | D:3      | Learned a level 5 spell: Fireball
  3163 | D:3      | Reached XP level 6. HP: 30/33 MP: 11/15
  3329 | D:3      | Reached skill level 5 in Fire Magic
  4165 | D:4      | Reached skill level 6 in Spellcasting
  4298 | D:4      | Reached XP level 7. HP: 37/37 MP: 9/18
  4482 | D:4      | Found an ornate altar of the Wu Jian Council.
  4550 | D:5      | Entered Level 5 of the Dungeon
  4794 | D:5      | Found an opulent altar of Gozag.
  4912 | D:5      | Noticed Eustachio
  4933 | D:5      | Killed Eustachio
  5070 | D:5      | Reached skill level 7 in Spellcasting
  5201 | D:5      | Reached skill level 5 in Conjurations
  5311 | D:5      | Reached XP level 8. HP: 42/42 MP: 16/21
  5444 | D:5      | Learned a level 3 spell: Dazzling Spray
  5466 | D:5      | Found a hazy altar of Hepliaklqana.
  5466 | D:5      | Found a deep blue altar of Sif Muna.
  5693 | D:6      | Reached skill level 8 in Spellcasting
  5868 | D:6      | Found a shattered altar of Ashenzari.
  6414 | D:7      | Reached skill level 9 in Spellcasting
  6593 | D:7      | Found a staircase to the Ecumenical Temple.
  6617 | Temple   | Entered the Ecumenical Temple
  6695 | Temple   | Became a worshipper of Vehumet
  7047 | D:7      | Reached XP level 9. HP: 34/46 MP: 17/24
  7322 | D:7      | Reached skill level 10 in Spellcasting
  8440 | D:8      | Reached * piety under Vehumet
  8440 | D:8      | Offered knowledge of Sandblast by Vehumet.
  8488 | D:8      | Reached skill level 11 in Spellcasting
  8884 | D:8      | Noticed an efreet
  9350 | D:8      | Reached XP level 10. HP: 51/51 MP: 16/27
 10118 | D:8      | Found Wiparuat's Weapon Boutique.
 10852 | D:9      | Offered knowledge of Shock by Vehumet.
 10887 | D:9      | Reached ** piety under Vehumet
 11069 | D:9      | Noticed a two-headed ogre
 11089 | D:9      | Killed a two-headed ogre
 11089 | D:9      | Reached skill level 12 in Spellcasting
 11570 | D:10     | Entered Level 10 of the Dungeon
 11685 | D:10     | Reached skill level 1 in Hexes
 12008 | D:10     | Reached skill level 5 in Stealth
 12192 | D:10     | Reached skill level 10 in Fire Magic
 12291 | D:10     | Found a portal to a secret trove of treasure.
 12318 | D:10     | Learned a level 6 spell: Bolt of Fire
 12327 | D:10     | Learned a level 8 spell: Ignition
 12768 | D:10     | Offered knowledge of Searing Ray by Vehumet.
 12835 | D:10     | Mangled by an unseen horror

Vault maps used:
D:1:      mainiacjoe_arrival_reflecting_pool, minmay_misc_feat_tiny,
          due_unseen_surprise
D:2:      fedhas_altar_2, bloody_trog, uniq_crazy_yiuf_cottage
D:3:      first_bread
D:4:      lemuel_coloured_pillars_altar
D:5:      grunt_gozag_statues, gammafunk_temple_overflow_elements,
          uniq_eustachio
D:6:      basic_altar
D:7:      minmay_temple_entry_glassed_door, grunt_ogre_cave
D:8:      cheibrodos_ideogram_h, serial_shops, shop
D:10:     erik_lair_dragon, nicolae_trove_entry_crossroad
Temple:   eino_temple_scatter_basement

Skill      XL: |  1  2  3  4  5  6  7  8  9 10 |
---------------+-------------------------------+-----
Fire Magic     | 4 5 6 7 9 10 | 10.5
Spellcasting   | 4 5 6 7 9 11 12 | 12.9
Conjurations   | 2 3 4 5 6 8 9 |  9.6
Stealth        | 3 4 5 |  5.0
Dodging        | 3 4 |  4.0
Hexes          | 1 |  1.3
Fighting       | |  0.7

Action                   |  1- 3 |  4- 6 |  7- 9 | 10-12 || total
-------------------------+-------+-------+-------+-------++-------
Melee: Staff             |       |       |     1 |     3 ||     4
 Cast: Flame Tongue      |    87 |   103 |   280 |   184 ||   654
       Throw Flame       |     3 |    18 |    32 |    19 ||    72
       Conjure Flame     |       |     2 |    16 |     9 ||    27
       Fireball          |       |     1 |     7 |     4 ||    12
       Dazzling Spray    |       |       |     5 |    13 ||    18
       Bolt of Fire      |       |       |       |     7 ||     7
  Use: Scroll            |       |       |     2 |    10 ||    12
  Eat: Chunk             |     2 |     8 |    16 |    12 ||    38
       Royal jelly       |       |       |       |     1 ||     1
Armor: Robe              |    17 |     6 |    26 |    35 ||    84
Dodge: Dodged            |    48 |    21 |    64 |    64 ||   197
